AoeStats
← maize

Hideout

507510724Analyzed
1v1 RM · 13d ago on Sep 18, 2026· 41m 49s· 2 players
Game mode
Random Map
Map size
Tiny (2 player)
Population
200
Speed
Normal
Resources
Standard
Victory
Conquest
Starting age
Dark Age
Ending age
Imperial Age
RankedLock teamsTeams togetherTeam positionsShared explorationLock speedFull tech treeHidden civsTurbo modeCheats
Victory
Defeat
🇦🇹 Teutons · Austria
1030
+17
🇺🇸 Berbers · United States
1059
-17
Nightking
4:10 Loom
10:11 Feudal Age
10:37 Double-Bit Axe
10:32 Horse Collar
13:58 Gold Mining
14:33 Stone Mining
14:39 Fletching
16:23 Wheelbarrow
16:25 Town Watch
19:17 Scale Mail Armor
19:27 Forging
19:26 Scale Barding Armor
22:25 Castle Age
20:53 Man-at-Arms
21:19 Arson
22:30 Long Swordsman
23:11 Squires
22:57 Gambesons
27:03 Bow Saw
31:56 Bodkin Arrow
34:24 Guard Tower
36:34 Chain Mail Armor
36:54 Iron Casting
37:40 Ballistics
maize
11:43 Feudal Age
15:45 Castle Age
14:18 Double-Bit Axe
14:17 Horse Collar
19:08 Loom
24:42 Light Cavalry
25:34 Forging
25:29 Scale Barding Armor
26:07 Wheelbarrow
25:17 Town Watch
27:17 Scale Mail Armor
28:35 Chain Mail Armor
29:47 Fletching
33:02 Imperial Age
30:10 Crossbowman
31:19 Bow Saw
31:26 Padded Archer Armor
32:30 Bodkin Arrow
33:13 Leather Archer Armor
33:40 Heavy Plow
33:56 Bloodlines
34:17 Bracer
35:01 Cavalier
40:26 Iron Casting
Connection lost

Rejoining the realm…

Still unreachable

The connection could not be restored.

Session expired

The server has moved on; the page needs a fresh start.